 Dungeon Crawl Stone Soup version 0.19.4 (webtiles) character file.

14297 sveltemanboy the Destroyer (level 12, -5/68 HPs)
             Began as a Tengu Conjurer on Jan 31, 2017.
             Was a High Priest of Vehumet.
             Slain by Thomus's ghost (6 damage)
             ... on level 11 of the Dungeon on Feb 1, 2017.
             The game lasted 01:05:10 (18695 turns).

sveltemanboy the Destroyer (Tengu Conjurer)        Turns: 18695, Time: 01:05:11

Health: -5/68      AC: 16    Str: 11    XL:     12   Next: 15%
Magic:  3/21       EV: 13    Int: 26    God:    Vehumet [*****.]
Gold:   703        SH:  6    Dex: 15    Spells: 6 memorised, 3 levels left

rFire  + . .     SeeInvis .     y - +3 flail (protect)
rCold  + . .     Gourm    .     J - +0 troll leather armour
rNeg   . . .     Faith    +     e - +1 buckler
rPois  +         Spirit   .     (helmet restricted)
rElec  .         Reflect  .     b - +2 cloak of Xidoetu {rC+ Int+2}
rCorr  .         Harm     .     i - +0 pair of gloves
MR     +....                    (boots unavailable)
Stlth  ++........               g - amulet of faith
                                E - ring of protection from fire
                                K - ring of protection from magic

@: protection aura
A: antennae 1, beak, talons 3, clever 2, low mp 1, poison resistance, strong 1,
able to fly 1
a: Fly, Renounce Religion


You were on level 11 of the Dungeon.
You worshipped Vehumet.
Vehumet was extremely pleased with you.
You were not hungry.

You visited 2 branches of the dungeon, and saw 12 of its levels.

You collected 782 gold pieces.
You spent 79 gold pieces at shops.

Inventory:

Hand Weapons
 y - a +3 flail of protection (weapon)
Armour
 b - the +2 cloak of Xidoetu (worn) {rC+ Int+2}
   (You acquired it on level 7 of the Dungeon)

   It affects your intelligence (+2).
   It protects you from cold.
 e - a +1 buckler (worn)
 i - a +0 pair of gloves (worn)
 J - a +0 troll leather armour (worn)
Jewellery
 g - an amulet of faith (around neck)
 s - an uncursed ring of positive energy
 E - a ring of protection from fire (right hand)
 K - a ring of protection from magic (left hand)
Wands
 k - a wand of paralysis (12/24)
 m - a wand of teleportation (1/9)
 n - a wand of lightning (0/15)
 A - a wand of lightning (0/15)
 B - a wand of iceblast (8/15)
 C - a wand of paralysis (10/24)
 D - a wand of digging (22/24)
 L - a wand of paralysis (6/24)
Scrolls
 a - a scroll of remove curse
 l - 2 scrolls of amnesia
 p - 3 scrolls of enchant weapon
 q - a scroll of blinking
 t - 3 scrolls of identify
 u - 4 scrolls of immolation
 I - a scroll of enchant armour
Potions
 d - a potion of heal wounds
 h - 2 potions of flight
 r - 4 potions of curing
 v - a potion of invisibility
 z - a potion of agility
 F - a potion of haste
 G - a potion of cancellation {unknown}
Books
 H - a book of Geomancy

   Spells                             Type                      Level
   a - Sandblast                      Earth                        1
   b - Passwall                       Transmutation/Earth          2
   c - Stone Arrow                    Conjuration/Earth            3
   d - Petrify                        Transmutation/Earth          4
   e - Lee's Rapid Deconstruction     Earth                        5
Comestibles
 c - 4 bread rations
 f - 3 beef jerkies
 j - 2 royal jellies
 w - 7 meat rations
 x - 29 fruits


   Skills:
 - Level 5.3 Fighting
 + Level 10.0 Maces & Flails
 - Level 4.0 Armour
 - Level 4.0 Dodging
 - Level 2.0 Stealth
 - Level 5.0 Shields
 - Level 7.2 Spellcasting
 + Level 14.9 Conjurations
 - Level 1.3 Hexes
 - Level 2.1 Charms
 + Level 3.5 Air Magic


You had 3 spell levels left.
You knew the following spells:

 Your Spells              Type           Power        Failure   Level  Hunger
a - Stone Arrow           Conj/Erth      #####.       1%          3    None
b - Searing Ray           Conj           ######       1%          2    None
c - Iskenderun's Mystic   Conj           ######..     1%          4    ###....
d - Iskenderun's Battles  Conj/Chrm      ######..     2%          5    #####..
e - Fulminant Prism       Conj/Hex       ######....   1%          4    ###....
f - Airstrike             Air            ####......   5%          4    ###....


Dungeon Overview and Level Annotations

Branches:
Dungeon (11/15)            Temple (1/1) D:6            Lair (0/6) D:11
    Orc: D:9-12

Altars:
Ashenzari
Cheibriados
Dithmenos
Elyvilon
Fedhas
Gozag
Hepliaklqana
Kikubaaqudgha
Makhleb
Nemelex Xobeh
Okawaru
Qazlal
Ru
Sif Muna
Trog
Uskayaw
Vehumet
Xom
Yredelemnul
Zin
The Shining One

Shops:
D:4 *}[[

Annotations:
D:4 Thrillho's ghost, novice DECj
D:11 Thomus's ghost, journeyman HOFi


Innate Abilities, Weirdness & Mutations

You have a beak for a mouth.
You have claws for feet.
You can fly.
You have a pair of small antennae on your head.
Your mind is very acute. (Int +4)
Your magical capacity is low. (-10% MP)
Your system is resistant to poisons. (rPois)
Your muscles are strong. (Str +2)


Message History

Casting: Stone Arrow
Confirm with . or Enter, or press ? or * to list all spells.
Okay, then.
Casting: Stone Arrow
Confirm with . or Enter, or press ? or * to list all spells.
Aiming: Stone Arrow
Press: ? - help, Shift-Dir - straight line, f/p - Thomus's ghost
Aim: Thomus's ghost, wielding a vorpal weapon (moderately damaged)
The stone arrow hits Thomus's ghost.
Thomus's ghost is moderately damaged.
Your battlesphere fires!
The barrage of energy hits Thomus's ghost.
Thomus's ghost is heavily damaged.
Thomus's ghost hits you!!
You hit Thomus's ghost but do no damage.
Your weapon exudes an aura of protection.
Thomus's ghost is heavily damaged.
Thomus's ghost hits you!!
* * * LOW HITPOINT WARNING * * *
You die...

####### #...... #...... #.
#....W.###### #....######
+.(....+.*..# .........######
#......####.#####.#####.......
............W@................
#.#######.#.#####.#...##.####.
..........................
.##.#...#####.#...##.####.
#...........#......# #.
########........#######.
#........#....#..
#........##.#<#..
#........##.###..


You could see Thomus's ghost and a friendly battlesphere.

Vanquished Creatures
  An unseen horror (D:10)
  A hill giant (D:10)
  Pikel (D:9)
  Joseph (D:7)
  The ghost of Thrillho the Magician, a novice DECj of Vehumet (D:6)
  Psyche (D:8)
  2 trolls (D:10)
  A hornet (D:9)
  Prince Ribbit (D:9)
  3 hippogriffs
  2 wyverns
  8 yaks (D:10)
  Grum (D:9)
  2 hungry ghosts
  Duvessa (D:6)
  8 orc warriors
  An eye of draining (D:11)
  4 ice beasts
  A sky beast (D:10)
  A slave (D:9)
  2 necrophages (D:8)
  2 phantoms
  3 wolves (D:9)
  7 centaurs
  13 ogres
  2 big kobolds
  7 bullfrogs
  A water moccasin zombie (D:8)
  Dowan (D:6)
  A wyvern zombie (D:5)
  5 scorpions
  A water moccasin skeleton (D:8)
  14 killer bees
  4 wights (D:8)
  9 howler monkeys
  2 bullfrog zombies (D:8)
  3 centaur zombies (D:5)
  9 crimson imps
  4 jellies
  A quasit (D:11)
  11 orc priests
  8 hounds
  4 bullfrog skeletons
  3 centaur skeletons
  Jessica (D:3)
  An iguana (D:8)
  16 orc wizards
  7 worker ants
  A killer bee zombie (D:5)
  2 hound zombies
  A hound skeleton (D:5)
  3 howler monkey zombies (D:5)
  2 worker ant zombies (D:5)
  15 adders
  31 gnolls
  4 shadow imps
  6 adder zombies
  4 adder skeletons
  3 worms
  2 dart slugs
  2 leopard geckos
  73 orcs
  A ball python (D:6)
  3 giant cockroaches
  34 goblins
  25 hobgoblins
  18 jackals
  16 kobolds
  4 quokkas
  8 bats
  8 frilled lizards
  A jackal skeleton (D:4)
  3 leopard gecko skeletons (D:5)
  A quokka skeleton (D:5)
  A quokka zombie (D:5)
  10 rats
466 creatures vanquished.

Vanquished Creatures (others)
  2 slaves (D:9)
  A centaur (D:9)
  A worker ant zombie (D:9)
  13 fulminant prisms
17 creatures vanquished.

Grand Total: 483 creatures vanquished

Notes
Turn   | Place    | Note
-------+----------+-------------------------------------------
     0 | D:1      | sveltemanboy the Tengu Conjurer began the quest for the Orb.
     0 | D:1      | Reached XP level 1. HP: 10/10 MP: 4/4
   427 | D:1      | Reached XP level 2. HP: 15/15 MP: 1/6
   478 | D:1      | Learned a level 2 spell: Searing Ray
   545 | D:1      | Reached skill level 6 in Conjurations
  1046 | D:2      | Reached XP level 3. HP: 19/19 MP: 4/7
  1065 | D:2      | Reached skill level 7 in Conjurations
  1388 | D:2      | Found a faded altar of an unknown god.
  1509 | D:2      | Reached XP level 4. HP: 24/24 MP: 2/8
  1581 | D:2      | Learned a level 4 spell: Iskenderun's Mystic Blast
  2230 | D:3      | Noticed Jessica
  2245 | D:3      | Killed Jessica
  2245 | D:3      | Reached skill level 8 in Conjurations
  2245 | D:3      | Gained mutation: You can fly. [Tengu growth]
  2245 | D:3      | Reached XP level 5. HP: 28/28 MP: 4/9
  2707 | D:3      | Reached skill level 9 in Conjurations
  3248 | D:4      | Found a shadowy altar of Dithmenos.
  3250 | D:4      | Found a shimmering altar of Xom.
  3252 | D:4      | Found a glowing golden altar of the Shining One.
  3262 | D:4      | Found Dyeror's General Store.
  3283 | D:4      | Reached XP level 6. HP: 31/32 MP: 4/10
  3294 | D:4      | Bought a scroll of teleportation for 30 gold pieces
  3690 | D:4      | Found Qiown's Antique Armour Shop.
  3747 | D:4      | Found Owkumys's Armour Shoppe.
  3754 | D:4      | Bought a +0 buckler for 49 gold pieces
  3756 | D:4      | Found Etoefig's Gadget Emporium.
  3775 | D:4      | Reached skill level 1 in Shields
  3775 | D:4      | Reached skill level 10 in Conjurations
  3911 | D:4      | Reached XP level 7. HP: 34/36 MP: 3/11
  3993 | D:4      | Gained mutation: Your magical capacity is low. (-10% MP) [potion of mutation]
  3993 | D:4      | Gained mutation: Your mind is acute. (Int +2) [potion of mutation]
  3993 | D:4      | Gained mutation: Your system is resistant to poisons. (rPois) [potion of mutation]
  4258 | D:4      | Noticed Thrillho's ghost (novice DECj)
  4805 | D:5      | Entered Level 5 of the Dungeon
  4810 | D:5      | Gained mutation: Your muscles are strong. (Str +2) [potion of mutation]
  4810 | D:5      | Gained mutation: Your mind is very acute. (Int +4) [potion of mutation]
  4810 | D:5      | Gained mutation: You have a pair of small antennae on your head. [potion of mutation]
  4842 | D:5      | Reached skill level 1 in Armour
  5108 | D:5      | Reached XP level 8. HP: 19/41 MP: 7/10
  5948 | D:5      | Reached skill level 11 in Conjurations
  6031 | D:5      | Reached skill level 5 in Shields
  6332 | D:5      | Reached skill level 1 in Fighting
  7491 | D:5      | Reached XP level 9. HP: 49/49 MP: 1/12
  9245 | D:6      | Noticed Duvessa
  9264 | D:6      | Killed Duvessa
  9281 | D:6      | Noticed Dowan
  9283 | D:6      | Killed Dowan
  9381 | D:6      | Noticed Thrillho's ghost (novice DECj)
  9390 | D:6      | Killed Thrillho's ghost
  9390 | D:6      | Reached skill level 5 in Spellcasting
 10116 | D:6      | Reached skill level 5 in Fighting
 10199 | D:6      | Found a burning altar of Makhleb.
 10199 | D:6      | Noticed a cacodemon
 10203 | D:6      | Noticed a hellwing
 10350 | D:6      | Reached XP level 10. HP: 31/59 MP: 7/19
 10569 | D:6      | Found a staircase to the Ecumenical Temple.
 10575 | Temple   | Entered the Ecumenical Temple
 10580 | Temple   | Became a worshipper of Vehumet
 11075 | D:6      | Learned a level 5 spell: Iskenderun's Battlesphere
 11080 | D:6      | Learned a level 4 spell: Fulminant Prism
 11261 | D:6      | Reached skill level 1 in Maces & Flails
 11535 | D:7      | Reached * piety under Vehumet
 11535 | D:7      | Offered knowledge of Shock by Vehumet.
 11678 | D:7      | Noticed Joseph
 11690 | D:7      | Reached skill level 1 in Charms
 11692 | D:7      | Killed Joseph
 12331 | D:7      | Reached ** piety under Vehumet
 12334 | D:7      | Offered knowledge of Throw Frost by Vehumet.
 12387 | D:7      | Identified a scroll of acquirement
 12388 | D:7      | Got a scorched cloak
 12394 | D:7      | Identified the +2 cloak of Xidoetu {rC+ Int+2} (You acquired it on level 7 of the Dungeon)
 12441 | D:7      | Found a white marble altar of Elyvilon.
 12945 | D:7      | Reached skill level 5 in Maces & Flails
 13202 | D:8      | Reached skill level 1 in Hexes
 13244 | D:8      | Reached skill level 12 in Conjurations
 13532 | D:8      | Offered knowledge of Ignite Poison by Vehumet.
 13648 | D:8      | Reached *** piety under Vehumet
 13773 | D:8      | Offered knowledge of Inner Flame by Vehumet.
 13773 | D:8      | Reached XP level 11. HP: 58/64 MP: 13/20
 14042 | D:8      | Noticed Psyche
 14047 | D:8      | Killed Psyche
 14500 | D:8      | Found a deep blue altar of Sif Muna.
 14515 | D:8      | Identified Sif Muna's Reference Book on the Rocks
 15022 | D:9      | Reached **** piety under Vehumet
 15024 | D:9      | Reached skill level 13 in Conjurations
 15174 | D:9      | Noticed Grum
 15189 | D:9      | Killed Grum
 15189 | D:9      | Offered knowledge of Yara's Violent Unravelling by Vehumet.
 15463 | D:9      | Noticed Prince Ribbit
 15466 | D:9      | Killed Prince Ribbit
 15494 | D:9      | Noticed Pikel
 15500 | D:9      | Killed Pikel
 16167 | D:10     | Entered Level 10 of the Dungeon
 16703 | D:10     | Noticed a hill giant
 16708 | D:10     | Killed a hill giant
 16708 | D:10     | Reached skill level 14 in Conjurations
 17009 | D:10     | Killed an unseen horror
 17147 | D:10     | Reached ***** piety under Vehumet
 17156 | D:10     | Offered knowledge of Airstrike by Vehumet.
 17408 | D:10     | Learned a level 3 spell: Stone Arrow
 17413 | D:10     | Learned a level 4 spell: Airstrike
 17507 | D:10     | Reached skill level 1 in Air Magic
 17768 | D:10     | Reached XP level 12. HP: 68/68 MP: 11/21
 18332 | D:10     | Reached skill level 10 in Maces & Flails
 18559 | D:11     | Found a staircase to the Lair.
 18689 | D:11     | Noticed Thomus's ghost (journeyman HOFi)
 18695 | D:11     | HP: 1/68 [Thomus's ghost (21)]
 18695 | D:11     | Slain by Thomus's ghost

Skill      XL: |  1  2  3  4  5  6  7  8  9 10 11 12 |
---------------+-------------------------------------+-----
Conjurations   | 6 7 8 9 10 11 12 14 | 14.9
Shields        | 2 3 5 |  5.0
Armour         | 2 4 |  4.0
Fighting       | 2 5 |  5.3
Dodging        | 4 |  4.0
Spellcasting   | 6 7 |  7.2
Maces & Flails | 6 9 10 | 10.0
Charms         | 2 |  2.1
Hexes          | 1 |  1.3
Air Magic      | 1 3 |  3.5
Stealth        | |  2.0

Action                   |  1- 3 |  4- 6 |  7- 9 | 10-12 || total
-------------------------+-------+-------+-------+-------++-------
Melee: Unarmed           |     2 |    23 |    90 |       ||   115
       Kick              |     2 |     4 |    18 |    34 ||    58
       Peck              |       |     5 |    17 |    14 ||    36
       Flail             |       |       |       |   128 ||   128
 Cast: Magic Dart        |    54 |    76 |   190 |   176 ||   496
       Searing Ray       |     2 |    14 |    68 |    96 ||   180
       Iskenderun's Myst |       |       |    14 |    12 ||    26
       Fulminant Prism   |       |       |       |    13 ||    13
       Iskenderun's Batt |       |       |       |    21 ||    21
       Stone Arrow       |       |       |       |    35 ||    35
 Abil: Fly               |       |       |       |     1 ||     1
Evoke: Wand              |       |       |       |     8 ||     8
  Use: Potion            |       |     5 |     9 |     4 ||    18
       Scroll            |       |     5 |     7 |    13 ||    25
 Stab: Distracted        |       |       |       |     1 ||     1
       Sleeping          |       |       |       |     1 ||     1
  Eat: Chunk             |     2 |    10 |    19 |    31 ||    62
       Pizza             |       |       |     1 |     1 ||     2
       Beef jerky        |       |       |     3 |       ||     3
       Fruit             |       |       |       |     1 ||     1
Armor: Robe              |     2 |     8 |     9 |     9 ||    28
       Skin              |       |       |     6 |       ||     6
       Leather armour    |       |       |    24 |    33 ||    57
       Troll leather arm |       |       |       |    22 ||    22
Dodge: Dodged            |     2 |    36 |   131 |   143 ||   312
Block: Buckler           |       |       |    56 |    88 ||   144
